[Event "Titled Tuesday Blitz November 22 Early 2022"]
[White "Winkels, Marcel"]
[Black "Castillo Pena, Patricia Evarista"]
[WhiteFideId "1003887"]
[BlackFideId "6412106"]
[WhiteElo "1900"]
[BlackElo "1919"]
[Result "1-0"]
[Round "05"]
[TimeControl "180+1"]
[Date "2022.11.23"]
[WhiteClock "0:01:21"]
[BlackClock "0:01:09"]

1. d4 d5 2. Nc3 Nf6 3. Bf4 c5 4. e3 Nc6 5. Nb5 e5 6. dxe5 Qa5+ 7. c3 Ne4 8. Qxd5 Bf5 9. f3 a6 10. fxe4 Be6 11. Nd6+ Bxd6 12. Qd2 Bxe5 13. Nf3 Bxf4 14. exf4 Rd8 15. Qe3 O-O 16. Bd3 c4 17. Bc2 Qb5 18. Rb1 Qa5 19. a3 Rd7 20. O-O Rfd8 21. f5 Rd3 22. Bxd3 Rxd3 23. Qf4 Bd7 24. f6 Qc5+ 25. Kh1 1-0


[Site "https://www.chess.com"]

[Event "Titled Tuesday Blitz November 22 Early 2022"]
[White "Winterberg, Lukas"]
[Black "Izuzquiza Gonzalez, Javier"]
[WhiteFideId "24622702"]
[BlackFideId "3101029"]
[WhiteElo "2349"]
[BlackElo "2034"]
[Result "1-0"]
[Round "05"]
[TimeControl "180+1"]
[Date "2022.11.23"]
[WhiteClock "0:00:20"]
[BlackClock "0:00:06"]

1. Nf3 c5 2. b3 d5 3. Bb2 Nc6 4. e3 Nf6 5. c4 g6 6. cxd5 Qxd5 7. Bc4 Qd6 8. Ng5 Nd8 9. Nc3 Bg7 10. Nb5 Qc6 11. Qf3 O-O 12. O-O a6 13. Nc3 h6 14. Qxc6 Nxc6 15. Nf3 b5 16. Be2 Bf5 17. Rac1 Rfd8 18. Rfd1 Rac8 19. h3 Nb4 20. d4 cxd4 21. Nxd4 Bd7 22. Ba3 Nbd5 23. Nxd5 Nxd5 24. Rxc8 Rxc8 25. Nxb5 Bxb5 26. Bxb5 axb5 27. Rxd5 Rc2 28. Bxe7 Rxa2 29. Rxb5 Kh7 30. g3 g5 31. Rb7 Ra1+ 32. Kg2 Rb1 33. Bc5 Kg6 34. b4 Rb2 35. b5 Bc3 36. e4 Be1 37. b6 h5 38. Be3 Ba5 39. Ra7 Bxb6 40. Ra6 1-0


[Site "https://www.chess.com"]

[Event "Titled Tuesday Blitz November 22 Early 2022"]
[White "Xiong, Jeffery"]
[Black "Kamsky, Gata"]
[WhiteFideId "2047640"]
[BlackFideId "2000024"]
[WhiteElo "2725"]
[BlackElo "2666"]
[Result "1/2-1/2"]
[Round "05"]
[TimeControl "180+1"]
[Date "2022.11.22"]
[WhiteClock "0:00:10"]
[BlackClock "0:00:10"]

1. Nf3 Nf6 2. c4 g6 3. b4 Bg7 4. Bb2 O-O 5. g3 d6 6. Bg2 e5 7. d3 a6 8. O-O Nc6 9. b5 axb5 10. cxb5 Na5 11. a4 Be6 12. Nbd2 h6 13. Qc2 c6 14. d4 Nd7 15. dxe5 dxe5 16. Rfd1 cxb5 17. axb5 Qb6 18. Qc3 Rfc8 19. Qb4 Bf8 20. Qh4 Qxb5 21. Rab1 Qb4 22. Ne4 Qe7 23. Rxd7 Qxh4 24. gxh4 Bxd7 25. Nf6+ Kh8 26. Nxd7 Bg7 27. Bxe5 Rd8 28. Nb6 Ra6 29. Bc7 Re8 30. e3 Nc6 31. h5 Ra1 32. Rxa1 Bxa1 33. hxg6 fxg6 34. Bf1 Kg7 35. Bd3 g5 36. Kf1 Nb4 37. Bb1 Bf6 38. Nd4 h5 39. Bd6 Nc6 40. Nf5+ Kf7 41. Ba2+ Kg6 42. Bb1 Kf7 43. Ng3 h4 44. Ba2+ Kg6 45. Bb1+ Kf7 46. Ne4 Rd8 47. Ba2+ Kg6 48. Nd5 Be5 49. Ne7+ Nxe7 50. Bxe5 Ra8 51. Bb1 Nc6 52. Nd6+ Kh5 53. Bc3 Rd8 54. Nxb7 Rd1+ 55. Ke2 Rxb1 56. Nd6 Rc1 57. Ne4 Rh1 58. Nf6+ Kg6 59. Ng4 h3 60. Kf3 Kf5 61. e4+ Kg6 62. Kg3 Rd1 63. Ne3 Rd3 64. Bb2 Nd4 65. Kxh3 Ne6 66. Kg4 Rd2 67. Be5 Rxf2 68. Bg3 Re2 69. Nd5 Rxe4+ 70. Kf3 Rd4 71. Ne3 Ra4 72. Ng4 Nd4+ 73. Kg2 Nf5 74. Ne5+ Kh5 75. Bf2 g4 76. Nd3 Ra2 77. Nf4+ Kg5 78. Ne6+ Kf6 79. Nf4 Ke5 80. Nd3+ Ke4 81. Nc5+ Kd5 82. Nd3 Ke4 83. Nc5+ Kf4 84. Nd3+ Kg5 85. Nc5 Nd6 86. Ne6+ Kf5 87. Nd4+ Ke5 88. Nc6+ Kf4 89. Kg1 Ne4 90. Bb6 Ra6 91. Bc7+ Ke3 92. Ne5 g3 93. hxg3 Nxg3 94. Ng4+ Kf3 95. Nh2+ Ke4 96. Bxg3 Rg6 97. Kg2 Rxg3+ 98. Kxg3 1/2-1/2


[Site "https://www.chess.com"]

[Event "Titled Tuesday Blitz November 22 Early 2022"]
[White "Yurovskykh, Oleksandr"]
[Black "Le Goff, Damien"]
[WhiteFideId "14134020"]
[BlackFideId "634808"]
[WhiteElo "2265"]
[BlackElo "2397"]
[Result "0-1"]
[Round "05"]
[TimeControl "180+1"]
[Date "2022.11.23"]
[WhiteClock "0:00:04"]
[BlackClock "0:00:07"]

1. g3 d5 2. Bg2 Nf6 3. d3 c6 4. Nd2 e5 5. e4 Nbd7 6. Ngf3 Bd6 7. O-O O-O 8. Re1 Re8 9. Bh3 a5 10. a4 b6 11. b3 Bb7 12. Bb2 Qc7 13. Nh4 Rad8 14. Nf5 Bf8 15. Qf3 g6 16. Ne3 Bb4 17. Red1 Qd6 18. c3 Bc5 19. d4 dxe4 20. dxc5 Nxc5 21. Nxe4 Nfxe4 22. Rxd6 Nxd6 23. Ng4 Nce4 24. c4 f5 25. Nxe5 c5 26. Qe2 Nf7 27. Nxf7 Kxf7 28. Rd1 Nxg3 29. hxg3 Rxe2 30. Rxd8 Rxb2 31. Rd7+ Kf6 32. Rxb7 Rxb3 33. Rxh7 Rb4 34. Bf1 Rxa4 35. Rb7 Rb4 36. Kg2 a4 37. Ra7 Ke5 38. Kf3 g5 39. Ke3 Rb3+ 40. Kd2 a3 41. Bd3 f4 42. g4 Kd4 43. Bc2 Rf3 44. Rg7 Rxf2+ 45. Kc1 Kc3 46. Bd1 a2 47. Ra7 Kxc4 48. Ra3 b5 49. Bc2 b4 50. Ra4 Kc3 51. Bd1 c4 52. Ra7 b3 53. Ra3 Rd2 54. Bxb3 cxb3 55. Rxa2 Rxa2 0-1


[Site "https://www.chess.com"]

[Event "Titled Tuesday Blitz November 22 Early 2022"]
[White "Zacurdajev, Dmitry"]
[Black "Papp, Levente"]
[WhiteFideId "4196309"]
[BlackFideId "751243"]
[WhiteElo "2179"]
[BlackElo "2380"]
[Result "1-0"]
[Round "05"]
[TimeControl "180+1"]
[Date "2022.11.23"]
[WhiteClock "0:00:08"]
[BlackClock "0:00:01"]

1. d4 e6 2. c4 d5 3. Nc3 Bb4 4. Qc2 Nf6 5. e3 O-O 6. a3 Bxc3+ 7. Qxc3 b6 8. Nf3 Ba6 9. b3 c5 10. Bb2 Nc6 11. dxc5 bxc5 12. cxd5 Bxf1 13. Kxf1 Qxd5 14. Rc1 Rfc8 15. Ke2 Rab8 16. Rhd1 Qe4 17. g4 Ne7 18. g5 Nh5 19. b4 Nf4+ 20. Kf1 Nh5 21. Ne1 Nd5 22. Qe5 Qh1+ 23. Ke2 cxb4 24. Rxc8+ Rxc8 25. axb4 Ne7 26. Qc7 Rf8 27. Qxe7 Qc6 28. Rd8 Qb5+ 29. Nd3 1-0


[Site "https://www.chess.com"]

[Event "Titled Tuesday Blitz November 22 Early 2022"]
[White "Zainullina, Nataliya"]
[Black "Rosh Jain"]
[WhiteFideId "4145488"]
[BlackFideId "25789465"]
[WhiteElo "2100"]
[BlackElo "2233"]
[Result "1-0"]
[Round "05"]
[TimeControl "180+1"]
[Date "2022.11.23"]
[WhiteClock "0:01:39"]
[BlackClock "0:01:32"]

1. Nf3 d5 2. d4 Nc6 3. g3 Bg4 4. Bg2 Qd7 5. Ne5 Nxe5 6. dxe5 e6 7. O-O Ne7 8. Bf4 Ng6 9. c4 Nxf4 10. gxf4 c6 11. cxd5 cxd5 12. Qd3 Bf5 13. e4 dxe4 14. Qxd7+ Kxd7 15. Nc3 Bc5 16. Nxe4 Bxe4 17. Bxe4 Rab8 18. Rfd1+ Ke7 19. Rac1 Bb6 20. Kg2 g6 21. Rd2 Rhd8 22. Rcd1 Rxd2 23. Rxd2 Bc5 24. Rc2 b6 25. b4 Bxb4 26. Rc7+ Kf8 27. Rxa7 Bc5 28. Bc6 Rd8 29. Rd7 Rxd7 30. Bxd7 Ke7 31. Bb5 Bb4 32. a4 Bd2 33. Kf3 h6 34. h3 Be1 35. Bc6 Bc3 36. Bb5 Bd4 37. Ke4 Bxf2 38. Kf3 Bg1 39. Kg4 Bh2 40. Bc6 g5 41. fxg5 hxg5 42. Kxg5 Bxe5 43. h4 f6+ 44. Kg6 f5 45. h5 Ba1 46. h6 Kd6 47. Bf3 Ke5 48. h7 Kf4 49. Bd1 e5 50. h8=Q e4 51. Qxa1 Kg3 52. Kxf5 Kh2 53. Qg7 Kh1 54. Kf4 e3 55. Kf3 Kh2 56. Qg2# 1-0


[Site "https://www.chess.com"]

[Event "Titled Tuesday Blitz November 22 Early 2022"]
[White "Zaksaite, Salomeja"]
[Black "Derjabin, Ilja"]
[WhiteFideId "12801496"]
[BlackFideId "14104768"]
[WhiteElo "2079"]
[BlackElo "2312"]
[Result "0-1"]
[Round "05"]
[TimeControl "180+1"]
[Date "2022.11.23"]
[WhiteClock "0:01:17"]
[BlackClock "0:01:55"]

1. e4 c5 2. Nf3 d6 3. d4 cxd4 4. Nxd4 Nf6 5. Nc3 a6 6. Bc4 b5 7. Bb3 e6 8. Bg5 b4 9. Na4 Be7 10. Qf3 e5 11. Nf5 Bxf5 12. exf5 Nbd7 13. O-O-O O-O 14. g4 Rc8 15. h4 e4 0-1


[Site "https://www.chess.com"]

[Event "Titled Tuesday Blitz November 22 Early 2022"]
[White "Zanette, Edgard Vinicius"]
[Black "Cnejev, Vladimir-Alexandru"]
[WhiteFideId "2109263"]
[BlackFideId "1260898"]
[WhiteElo "2211"]
[BlackElo "2193"]
[Result "1-0"]
[Round "05"]
[TimeControl "180+1"]
[Date "2022.11.23"]
[WhiteClock "0:00:21"]
[BlackClock "0:00:02"]

1. e4 e5 2. Nf3 Nc6 3. Bb5 a6 4. Ba4 b5 5. Bb3 Bb7 6. O-O Be7 7. c3 Nf6 8. Re1 O-O 9. d4 d6 10. d5 Na5 11. Bc2 Nc4 12. b3 Nb6 13. Nbd2 c6 14. dxc6 Bxc6 15. Bb2 Re8 16. Nf1 Qc7 17. Ng3 Rad8 18. Qe2 Bf8 19. Rac1 d5 20. Bb1 g6 21. exd5 Nbxd5 22. c4 Nf4 23. Qf1 e4 24. Nd4 b4 25. Nxc6 Qxc6 26. Bxf6 Qxf6 27. Rxe4 Bc5 28. Rxe8+ Rxe8 29. Ne4 Qc6 30. g3 Nh5 31. Re1 1-0


[Site "https://www.chess.com"]

[Event "Titled Tuesday Blitz November 22 Early 2022"]
[White "Zhigalko, Sergei"]
[Black "Bluebaum, Matthias"]
[WhiteFideId "13502956"]
[BlackFideId "24651516"]
[WhiteElo "2662"]
[BlackElo "2633"]
[Result "1-0"]
[Round "05"]
[TimeControl "180+1"]
[Date "2022.11.22"]
[WhiteClock "0:00:03"]
[BlackClock "0:00:07"]

1. e4 e6 2. d4 d5 3. e5 c5 4. c3 Nc6 5. Nf3 Nge7 6. Na3 Bd7 7. Nc2 Qa5 8. Bd3 Nxd4 9. Ncxd4 cxd4 10. Nxd4 Nc6 11. Nf3 d4 12. O-O dxc3 13. Qe2 Nb4 14. Bc4 Rc8 15. bxc3 Nd5 16. Bd2 Be7 17. Rfc1 Qa4 18. Bd3 Nf4 19. Bxf4 Qxf4 20. Bb5 Bc6 21. Bxc6+ Rxc6 22. Qb5 Qc4 23. Qxb7 Rc7 24. Qb8+ Rc8 25. Qxa7 Bc5 26. Qb7 O-O 27. Qb3 Qf4 28. Qd1 Rfd8 29. Qe2 Qa4 30. Rd1 h6 31. h3 Ba7 32. Rd3 Rxd3 33. Qxd3 Qa3 34. Qd7 Rxc3 35. Rd1 Rxf3 36. gxf3 Qxf3 37. Qd8+ Kh7 38. Qd3+ Qxd3 39. Rxd3 Kg6 40. Rf3 Bd4 41. a4 Bb6 42. Rb3 Bc7 43. Rb5 Kf5 44. a5 Ke4 45. a6 1-0


[Site "https://www.chess.com"]

[Event "Titled Tuesday Blitz November 22 Early 2022"]
[White "Zierk, Steven"]
[Black "Seo, Jung Min"]
[WhiteFideId "2034255"]
[BlackFideId "1734687"]
[WhiteElo "2494"]
[BlackElo "2455"]
[Result "0-1"]
[Round "05"]
[TimeControl "180+1"]
[Date "2022.11.22"]
[WhiteClock "0:01:54"]
[BlackClock "0:02:24"]

1. e4 e5 2. Nf3 Nf6 3. d4 Nxe4 4. dxe5 d5 5. Nbd2 Qd7 6. Bd3 Nc5 7. Be2 g6 8. Nb3 Ne6 9. h4 c5 10. h5 Bg7 11. Ng5 b6 12. Bg4 Qc6 0-1


[Site "https://www.chess.com"]

[Event "Titled Tuesday Blitz November 22 Early 2022"]
[White "Aarav Dengla"]
[Black "Izuzquiza Gonzalez, Javier"]
[WhiteFideId "45059756"]
[BlackFideId "3101029"]
[WhiteElo "2261"]
[BlackElo "2034"]
[Result "0-1"]
[Round "06"]
[TimeControl "180+1"]
[Date "2022.11.23"]
[WhiteClock "0:00:05"]
[BlackClock "0:00:09"]

1. e4 c5 2. Nf3 e6 3. d4 cxd4 4. Nxd4 a6 5. Bd3 Nf6 6. O-O Qc7 7. Re1 d6 8. c4 Nc6 9. Nxc6 Qxc6 10. Nc3 Be7 11. Be3 O-O 12. h3 b6 13. Na4 Nd7 14. Rc1 Bb7 15. Nc3 Nc5 16. Bb1 Rfd8 17. b4 Nd7 18. a3 Rac8 19. Bd3 Bf6 20. Nd5 Ba8 21. b5 axb5 22. cxb5 Qb7 23. Nb4 Nc5 24. Nc6 Rd7 25. Bxc5 dxc5 26. e5 Be7 27. Qf3 Qc7 28. Red1 Rcd8 29. Be4 Rxd1+ 30. Rxd1 Rxd1+ 31. Qxd1 Bxc6 32. Bxc6 Qxe5 33. a4 c4 34. Qd7 Bf8 35. Qd2 c3 36. Qc2 Bd6 37. Be4 f5 38. Bd3 Qe1+ 39. Bf1 Qe5 40. g3 Bc5 41. Kg2 Qd5+ 42. f3 Qd4 43. Bd3 Qg1# 0-1


[Site "https://www.chess.com"]

[Event "Titled Tuesday Blitz November 22 Early 2022"]
[White "Agasarov, Benik"]
[Black "Zacurdajev, Dmitry"]
[WhiteFideId "13314823"]
[BlackFideId "4196309"]
[WhiteElo "2178"]
[BlackElo "2179"]
[Result "0-1"]
[Round "06"]
[TimeControl "180+1"]
[Date "2022.11.23"]
[WhiteClock "0:00:14"]
[BlackClock "0:00:21"]

1. d4 d5 2. Nf3 Nf6 3. c4 e6 4. g3 Be7 5. Bg2 O-O 6. O-O dxc4 7. Qc2 a6 8. a4 Bd7 9. Rd1 Bc6 10. Nc3 Bxf3 11. Bxf3 c6 12. Ne4 Nbd7 13. Qxc4 Nxe4 14. Bxe4 Nf6 15. Bf3 Qd7 16. Bd2 h6 17. Rac1 Rac8 18. Qb3 Qxd4 19. Be3 Qb4 20. Qxb4 Bxb4 21. Kg2 Rfd8 22. Bd4 a5 23. e4 c5 24. Be3 e5 25. Rxd8+ Rxd8 26. Bxc5 Rd2 27. Bxb4 axb4 28. b3 Rb2 29. Rc7 b6 30. Rc8+ Kh7 31. Rb8 Nd7 32. Rb7 Nc5 33. Rxb6 Rxb3 34. a5 Rb2 35. Rb5 Nd3 36. a6 Rxf2+ 37. Kg1 Ra2 38. Rb6 Ra3 39. Bg4 g6 40. Bd7 b3 41. a7 Rxa7 42. Rxb3 Rxd7 43. Rc3 Nb4 44. Rc5 Nd3 45. Rc3 Kg7 46. Kg2 Kf6 47. Kf3 Rd6 48. Ke3 Nb4 49. Rc4 Nc6 50. Ra4 Nd4 51. Ra8 Ke6 52. Rh8 h5 53. Re8+ Kf6 54. Ra8 Rb6 55. Rc8 Rb3+ 56. Kf2 Rb2+ 57. Ke3 Rxh2 58. Rd8 Rg2 59. Kd3 Rxg3+ 60. Kc4 h4 61. Rh8 Ne6 62. Rxh4 Re3 63. Kd5 g5 64. Rh6+ Kg7 65. Rh1 g4 66. Kxe5 g3 67. Rg1 Rd3 68. Kf5 Rf3+ 69. Kg4 Re3 70. Kf5 Nd4+ 71. Kf4 Ne2+ 72. Kxe3 Nxg1 73. e5 Kg6 74. Kf4 g2 75. Kg3 Ne2+ 76. Kxg2 Nf4+ 77. Kf3 Ne6 78. Ke4 Kg5 79. Kd5 Kf5 80. Kd6 Ng5 81. Kd5 Nf3 82. e6 fxe6+ 83. Kc4 e5 84. Kd3 Kf4 85. Ke2 Nd4+ 86. Kf1 Nf5 87. Kf2 Ke4 88. Ke1 Ke3 89. Kf1 e4 90. Ke1 Nd4 91. Kf1 Kd2 92. Kf2 e3+ 93. Kg3 e2 94. Kg2 e1=Q 95. Kh2 Qf2+ 96. Kh1 Qe2 97. Kg1 Nf3+ 98. Kh1 Qh2# 0-1


[Site "https://www.chess.com"]

[Event "Titled Tuesday Blitz November 22 Early 2022"]
[White "Ai, Evan"]
[Black "Gheorghiu, Calin"]
[WhiteFideId "2094770"]
[BlackFideId "1200305"]
[WhiteElo "1963"]
[BlackElo "2225"]
[Result "0-1"]
[Round "06"]
[TimeControl "180+1"]
[Date "2022.11.23"]
[WhiteClock "0:02:04"]
[BlackClock "0:01:23"]

1. e4 c5 2. Nf3 d6 3. d4 cxd4 4. Nxd4 Nf6 5. Nc3 a6 6. h3 e5 7. Nf3 Be7 8. g4 h6 9. Rg1 g5 10. a4 Be6 11. Be3 Nbd7 12. a5 Rc8 13. Ra4 Nc5 14. Bxc5 Rxc5 15. Rb4 Qc7 16. Bd3 d5 17. exd5 Nxd5 18. Nxd5 Bxd5 19. Qe2 Rxa5 0-1


[Site "https://www.chess.com"]

[Event "Titled Tuesday Blitz November 22 Early 2022"]
[White "Alekseenko, Kirill"]
[Black "Boruchovsky, Avital"]
[WhiteFideId "4135539"]
[BlackFideId "2800055"]
[WhiteElo "2682"]
[BlackElo "2458"]
[Result "0-1"]
[Round "06"]
[TimeControl "180+1"]
[Date "2022.11.22"]
[WhiteClock "0:00:05"]
[BlackClock "0:00:11"]

1. e4 e5 2. Nf3 Nc6 3. Bc4 Nf6 4. d3 Bc5 5. Nc3 h6 6. h3 a5 7. a4 d6 8. Be3 Nd4 9. O-O O-O 10. Bxd4 exd4 11. Ne2 d5 12. exd5 Nxd5 13. Nexd4 Nf4 14. Nb3 Bd6 15. Nbd2 Bxh3 16. gxh3 Qd7 17. Ng5 hxg5 18. Qf3 Nxh3+ 19. Kh1 Rae8 20. Ne4 g4 21. Qe3 Bf4 22. Qe2 Re5 23. Kg2 Rh5 24. Rh1 Be5 25. Qe3 Nf4+ 26. Kg1 Qf5 27. Ng3 Rxh1+ 28. Kxh1 Qh7+ 29. Kg1 Qh3 30. Qe4 Bd6 31. Re1 Nh5 32. Re3 Nxg3 33. fxg3 Bxg3 34. Qg2 Bh2+ 35. Kf2 g3+ 36. Kf1 Qf5+ 37. Ke2 Qh5+ 38. Kd2 Qg5 39. Ke2 g6 40. Re4 Kg7 41. c3 f5 42. Re3 f4 43. Rf3 Re8+ 44. Kd1 Qe5 45. Kc2 Qe2+ 46. Qxe2 Rxe2+ 47. Kb3 g2 0-1


[Site "https://www.chess.com"]

[Event "Titled Tuesday Blitz November 22 Early 2022"]
[White "Andreikin, Dmitry"]
[Black "Boros, Denes"]
[WhiteFideId "4158814"]
[BlackFideId "722340"]
[WhiteElo "2736"]
[BlackElo "2464"]
[Result "1-0"]
[Round "06"]
[TimeControl "180+1"]
[Date "2022.11.22"]
[WhiteClock "0:00:41"]
[BlackClock "0:00:14"]

1. Nf3 g6 2. d4 Bg7 3. e4 c5 4. d5 d6 5. c4 Bg4 6. Nc3 Qa5 7. Bd2 Nd7 8. Be2 Ngf6 9. O-O O-O 10. Qc2 e6 11. dxe6 Bxe6 12. Rad1 a6 13. Ng5 Ne5 14. Nxe6 fxe6 15. Bf4 Nfd7 16. Bg3 Qc7 17. Qd2 Nb6 18. Qxd6 Qxd6 19. Rxd6 Nbxc4 20. Rxe6 Kf7 21. Bxe5 Nxe5 22. Rb6 Rab8 23. f4 Nc6 24. Bc4+ Ke7 25. e5 g5 26. Nd5+ Kd7 27. g3 gxf4 28. gxf4 Bh8 29. Rd1 Kc8 30. Bxa6 Nd4 31. Bf1 Ra8 32. a3 Kb8 33. Rh6 Rf7 34. e6 Rg7+ 35. Kf2 Ka7 36. Rxd4 cxd4 37. Bd3 Rf8 38. f5 Rg5 39. e7 Re8 40. Rxh7 Bg7 41. h4 Rg4 42. Be2 Re4 43. Rxg7 Rxh4 44. f6 d3 45. Bxd3 Rh2+ 46. Ke3 Rd2 47. Kxd2 1-0


[Site "https://www.chess.com"]

[Event "Titled Tuesday Blitz November 22 Early 2022"]
[White "Ansh M Shah"]
[Black "Barria Zuniga, Daniel"]
[WhiteFideId "25033379"]
[BlackFideId "3400816"]
[WhiteElo "2084"]
[BlackElo "2414"]
[Result "0-1"]
[Round "06"]
[TimeControl "180+1"]
[Date "2022.11.23"]
[WhiteClock "0:00:03"]
[BlackClock "0:00:19"]

1. d4 Nf6 2. c4 e6 3. g3 d5 4. Bg2 Be7 5. Nf3 O-O 6. O-O dxc4 7. Qc2 a6 8. a4 c5 9. Qxc4 b5 10. Qc2 Bb7 11. dxc5 Be4 12. Qb3 Nbd7 13. axb5 Nxc5 14. Qc4 Bd5 15. Qc2 axb5 16. Rxa8 Qxa8 17. Nc3 Bc6 18. Rd1 b4 19. Nb1 Ba4 20. Qd2 Rd8 21. Nd4 Qa7 22. Qxb4 Bxd1 23. Nc6 Qa1 24. Nxe7+ Kh8 25. Qxc5 Qxb1 26. Bf3 Bc2 27. Qe3 Rd1+ 28. Kg2 Qxc1 29. Qc3 h6 30. Qc8+ Kh7 31. Qf8 Bf5 0-1


[Site "https://www.chess.com"]

[Event "Titled Tuesday Blitz November 22 Early 2022"]
[White "Arabidze, Meri"]
[Black "Kuznetsov, Mikhail"]
[WhiteFideId "13604040"]
[BlackFideId "4117190"]
[WhiteElo "2403"]
[BlackElo "1981"]
[Result "1-0"]
[Round "06"]
[TimeControl "180+1"]
[Date "2022.11.23"]
[WhiteClock "0:00:31"]
[BlackClock "0:00:02"]

1. Nf3 Nf6 2. b3 g6 3. Bb2 Bg7 4. g3 O-O 5. Bg2 c5 6. O-O Nc6 7. c4 d5 8. cxd5 Nxd5 9. Bxg7 Kxg7 10. d4 cxd4 11. Nxd4 Nxd4 12. Qxd4+ Nf6 13. Qxd8 Rxd8 14. Nc3 Rb8 15. Rfd1 Rxd1+ 16. Rxd1 Be6 17. Nb5 a6 18. Nd4 Bd5 19. Bxd5 Nxd5 20. Nf5+ gxf5 21. Rxd5 Kf6 22. Rc5 Rd8 23. Rc7 Rd2 24. a4 Rxe2 25. Rxb7 e6 26. a5 Rb2 27. b4 Kg6 28. Kg2 f6 29. Rb6 e5 30. Rxa6 Rxb4 31. Ra8 Rb2 32. a6 Ra2 33. a7 Kg7 34. Kf3 Ra3+ 35. Ke2 h6 36. Kd2 Kh7 37. Kc2 Kg7 38. Kb2 Ra6 39. Kb3 Ra1 40. Kc4 Ra4+ 41. Kb5 Ra1 42. Kb6 Rb1+ 43. Kc7 Ra1 44. Kd6 Ra6+ 45. Ke7 f4 46. Kd7 f3 47. Kc7 Ra1 48. Kb6 Rb1+ 49. Kc5 Rc1+ 50. Kd5 Ra1 51. Ke4 Ra3 52. h3 Kh7 53. Rf8 Rxa7 54. Rxf6 Kg7 55. Rxf3 Ra5 56. Rf5 Ra3 57. Kxe5 Ra2 58. Rf4 Ra5+ 59. Ke4 Ra4+ 60. Kf5 Ra3 61. Kg4 Rb3 62. h4 Rb5 63. h5 Rg5+ 64. Kh4 Ra5 65. g4 Re5 66. f3 Re7 67. Rf5 Rb7 68. Rc5 Ra7 69. Rc6 Re7 70. Rg6+ Kh7 71. f4 Rf7 72. Kg3 Ra7 73. Re6 Rb7 74. g5 hxg5 75. fxg5 Rb3+ 76. Kg4 Rb4+ 77. Kf5 Rb5+ 78. Re5 Rb7 79. Kf6 Rb6+ 80. Re6 Rb8 81. Re7+ Kh8 82. g6 Rf8+ 83. Kg5 Ra8 84. Re5 Kg7 85. h6+ Kg8 86. Rb5 Rd8 87. h7+ Kh8 88. Kh6 Rg8 89. hxg8=Q+ Kxg8 90. Rb8# 1-0


[Site "https://www.chess.com"]

[Event "Titled Tuesday Blitz November 22 Early 2022"]
[White "Aradhya, Garg"]
[Black "Orlov, Georgi"]
[WhiteFideId "25006746"]
[BlackFideId "2011271"]
[WhiteElo "2223"]
[BlackElo "2532"]
[Result "0-1"]
[Round "06"]
[TimeControl "180+1"]
[Date "2022.11.23"]
[WhiteClock "0:00:18"]
[BlackClock "0:00:36"]

1. d4 Nf6 2. c4 Nc6 3. Nf3 e6 4. Nc3 Bb4 5. Qc2 d6 6. Bd2 O-O 7. a3 Bxc3 8. Bxc3 Qe7 9. e3 a5 10. Be2 e5 11. O-O Bg4 12. h3 Bh5 13. b4 Bg6 14. Qb2 axb4 15. axb4 Rxa1 16. Rxa1 Ne4 17. Be1 exd4 18. exd4 Re8 19. b5 Nd8 20. Bf1 Ne6 21. b6 c5 22. d5 Nf4 23. Ra7 Ng5 24. Nxg5 Qxg5 25. Bd2 Nxh3+ 26. Kh2 Nf4 27. Kg1 Nh3+ 28. Kh2 Nf4 29. Bc3 Bd3 30. Qa1 Bxf1 31. Qxf1 Qh5+ 32. Kg1 Ne2+ 33. Qxe2 Qxe2 34. g3 Qxc4 35. Bd2 Qxd5 36. Be3 h6 37. Ra8 Rxa8 38. Kh2 Ra1 39. Kh3 Qf3 40. Kh4 Rh1# 0-1


[Site "https://www.chess.com"]

[Event "Titled Tuesday Blitz November 22 Early 2022"]
[White "Arbunic Castro, Giovanna"]
[Black "monkins"]
[WhiteFideId "3400549"]
[WhiteElo "1946"]
[BlackElo "2198"]
[Result "1-0"]
[Round "06"]
[TimeControl "180+1"]
[Date "2022.11.23"]
[WhiteClock "0:00:42"]
[BlackClock "0:00:02"]

1. e4 c6 2. d4 d5 3. e5 c5 4. dxc5 Nc6 5. Bb5 a6 6. Bxc6+ bxc6 7. b4 a5 8. c3 Ba6 9. Ne2 Qb8 10. a3 Qxe5 11. O-O Qxe2 12. Qxe2 Bxe2 13. Re1 Ba6 14. Nd2 a4 15. Nf3 Nf6 16. Nd4 Kd7 17. Bf4 h6 18. Rab1 g5 19. Be5 Bg7 20. b5 Bxb5 21. Nxb5 cxb5 22. Rxb5 Ra7 23. Rb6 Rc8 24. Bd4 Rac7 25. Reb1 Ne8 26. R1b4 e5 27. Be3 Ra8 28. Kf1 f5 29. Rg6 f4 30. c6+ Rxc6 31. Rb7+ Rc7 32. Bc5 Rxb7 33. Bb4 Rxb4 34. cxb4 Ke7 35. Rb6 1-0


[Site "https://www.chess.com"]

[Event "Titled Tuesday Blitz November 22 Early 2022"]
[White "Artemenko, Oleg"]
[Black "D`Arruda, Ricardo D."]
[WhiteFideId "14201798"]
[BlackFideId "100692"]
[WhiteElo "2287"]
[BlackElo "2520"]
[Result "1-0"]
[Round "06"]
[TimeControl "180+1"]
[Date "2022.11.23"]
[WhiteClock "0:02:57"]
[BlackClock "0:02:34"]

1. d4 Nf6 2. Nc3 d5 3. Bf4 c6 4. e3 g6 5. h4 Bg7 6. h5 Nxh5 7. Rxh5 gxh5 8. Qxh5 Qd7 9. Bd3 Qg4 10. Qh2 h5 11. Bxb8 1-0


[Site "https://www.chess.com"]

[Event "Titled Tuesday Blitz November 22 Early 2022"]
[White "Avazkhonov, Alikhon"]
[Black "Sharifov, Mekhriddin"]
[WhiteFideId "14208504"]
[BlackFideId "14701545"]
[WhiteElo "1739"]
[BlackElo "2109"]
[Result "0-1"]
[Round "06"]
[TimeControl "180+1"]
[Date "2022.11.23"]
[WhiteClock "0:00:03"]
[BlackClock "0:00:23"]

1. d4 Nf6 2. c4 e6 3. Nc3 Bb4 4. e3 O-O 5. Bd2 c5 6. Bd3 cxd4 7. exd4 Nc6 8. Nge2 d5 9. O-O dxc4 10. Bxc4 Nxd4 11. Nxd4 Qxd4 12. Qe2 Bd7 13. a3 Rac8 14. axb4 Qxc4 15. Qxc4 Rxc4 16. Rxa7 Rxb4 17. Nd5 Rb5 18. Nxf6+ gxf6 19. Bh6 Rc8 20. Ra3 Kh8 21. Rg3 Rg8 22. Rxg8+ Kxg8 23. Rd1 Rd5 24. Rxd5 exd5 25. f4 f5 26. Kf2 f6 27. Ke3 Kf7 28. Kd4 Ke6 29. h4 Bb5 30. g3 Be2 31. Bf8 Bf3 32. Bb4 Kf7 33. Kc5 Kg6 34. Bc3 Kh5 35. Bxf6 Kg4 36. Bg5 Kxg3 37. Kd4 Kg4 38. b4 Kh5 39. b5 h6 40. Be7 Kg4 41. Bf8 h5 42. Bh6 Kxh4 43. Ke5 Kg4 44. Bf8 h4 45. Bc5 h3 46. Bg1 Be4 47. Bh2 Kf3 0-1


[Site "https://www.chess.com"]

[Event "Titled Tuesday Blitz November 22 Early 2022"]
[White "Bacrot, Etienne"]
[Black "Munkhgal, Gombosuren"]
[WhiteFideId "605506"]
[BlackFideId "4901266"]
[WhiteElo "2666"]
[BlackElo "2576"]
[Result "0-1"]
[Round "06"]
[TimeControl "180+1"]
[Date "2022.11.22"]
[WhiteClock "0:00:01"]
[BlackClock "0:00:49"]

1. e4 e6 2. d4 d5 3. Nc3 Bb4 4. e5 c5 5. Bd2 Nc6 6. Nb5 Bxd2+ 7. Qxd2 Nxd4 8. Nxd4 cxd4 9. Nf3 Ne7 10. Qxd4 Nc6 11. Qg4 O-O 12. Bd3 h6 13. O-O-O Qb6 14. Rd2 Nb4 15. Kb1 Bd7 16. Qd4 Qa5 17. a3 Nxd3 18. cxd3 Rac8 19. Rc1 Rxc1+ 20. Kxc1 Ba4 21. Qc3 Qa6 22. b3 Bd7 23. Kb2 Rc8 24. Qd4 Qc6 25. Ka2 Qc1 26. Qb2 Qf1 27. g3 Bb5 28. Qd4 Rc1 29. a4 Ba6 30. Ka3 Ra1+ 31. Kb4 b6 32. Qc3 Rc1 33. Qb2 Bxd3 34. Nd4 a5+ 35. Ka3 Ra1+ 0-1


[Site "https://www.chess.com"]

[Event "Titled Tuesday Blitz November 22 Early 2022"]
[White "Balabayeva, Xeniya"]
[Black "Paravyan, David"]
[WhiteFideId "13719688"]
[BlackFideId "4194985"]
[WhiteElo "2041"]
[BlackElo "2546"]
[Result "0-1"]
[Round "06"]
[TimeControl "180+1"]
[Date "2022.11.22"]
[WhiteClock "0:00:00"]
[BlackClock "0:00:05"]

1. e4 e5 2. Nf3 Nf6 3. Nxe5 d6 4. Nf3 Nxe4 5. Nc3 Nxc3 6. dxc3 Be7 7. Bf4 O-O 8. Be2 Nd7 9. O-O Re8 10. Re1 Bf6 11. Nd4 Nc5 12. Bf3 Rxe1+ 13. Qxe1 Rb8 14. Rd1 Ne6 15. Be3 Nxd4 16. Bxd4 Bxd4 17. Rxd4 Be6 18. a4 a5 19. Qd2 b6 20. h3 Qf8 21. Bc6 Rd8 22. c4 h6 23. b3 Qe7 24. Qe3 Qg5 25. Qxg5 hxg5 26. f3 g6 27. Kf2 Kg7 28. c3 Rh8 29. b4 f5 30. Bd5 Bd7 31. Bb7 Rb8 32. Ba6 axb4 33. cxb4 Ra8 34. Bb5 Bxb5 35. axb5 Ra4 36. Ke3 Rxb4 37. c5 Rxd4 38. cxb6 Rh4 39. bxc7 Rc4 0-1


[Site "https://www.chess.com"]